 Dungeon Crawl Stone Soup version 0.29.1-13-g9f3cf754e1 (webtiles) character file.

Game seed: 10270900508990055876

1464049 DrIncompetent the Acrobat (level 25, 150/150 HPs)
             Began as a Spriggan Hunter on Aug 30, 2022.
             Was a High Priest of Zin.
             Escaped with the Orb
             ... and 3 runes on Feb 7, 2023!
             The game lasted 09:14:03 (90344 turns).

DrIncompetent the Acrobat (Spriggan Hunter)        Turns: 90344, Time: 09:14:03

Health: 150/150    AC: 20    Str: 13    XL:     25   Next: 94%
Magic:  35/36      EV: 51    Int: 20    God:    Zin [*****.]
Gold:   4973       SH: 18    Dex: 33    Spells: 25/41 levels left

rFire   + + .      SeeInvis +   Y - +9 hand crossbow (freeze)
rCold   . . .      Faith    .   n - +2 buckler {rC+}
rNeg    . . .      Spirit   .   I - +5 acid dragon scales
rPois   ∞          Reflect  +   S - +2 hat
rElec   .          Harm     .   c - +2 cloak {rCorr}
rCorr   +          Rampage  .   (gloves unavailable)
Will    ++++.                   (boots unavailable)
Stlth   +++.......              W - amulet of reflection
HPRegen 0.35/turn               x - ring of protection from fire
MPRegen 0.25/turn               T - ring of fire

@: vitalised, very quick
A: very small, no large weapons, unfitting armour, see invisible, speed 3
0: Orb of Zot
}: 3/15 runes: decaying, silver, gossamer
a: Renounce Religion, Recite, Vitalisation, Imprison, Sanctuary, Donate Gold


You escaped.
You worshipped Zin.
Zin was extremely pleased with you.
You visited 11 branches of the dungeon, and saw 50 of its levels.
You also visited: Ossuary and Bailey.

You collected 10637 gold pieces.
You spent 1194 gold pieces at shops.
You donated 4470 gold pieces to Zin.

Inventory:

Hand Weapons
 Y - a +9 hand crossbow of freezing (weapon)
Missiles
 t - 23 datura-tipped darts
 A - 4 throwing nets
Armour
 c - a +2 cloak of preservation (worn)
 n - a +2 buckler of cold resistance (worn)
 B - +0 fire dragon scales
 I - +5 acid dragon scales (worn)
 S - a +2 hat (worn)
Jewellery
 j - the ring "Vopheuwk" {rElec AC+4 Dex+3}
   (You acquired it on level 4 of the Vaults)

   [ring of protection]

   AC:        It affects your AC (+4).
   Dex:       It affects your dexterity (+3).
   rElec:     It insulates you from electricity.
 k - the ring "Onir" {MP+9 AC+4 Str+4 Dex+4}
   (You found it on level 1 of the Crypt)

   [ring of protection]

   AC:        It affects your AC (+4).
   Str:       It affects your strength (+4).
   Dex:       It affects your dexterity (+4).
   MP:        It affects your magic capacity (+9).
 x - a ring of protection from fire (left hand)
 F - a +6 ring of dexterity
 J - a ring of flight
 L - a ring of ice
 T - a ring of fire (right hand)
 W - an amulet of reflection (around neck)
 X - a ring of positive energy
Wands
 o - a wand of charming (41)
 u - a wand of polymorph (36)
 K - a wand of mindburst (35)
 N - a wand of flame (53)
 P - a wand of quicksilver (17)
 R - a wand of roots (31)
Scrolls
 a - a scroll of summoning
 b - 17 scrolls of immolation
 d - 29 scrolls of teleportation
 f - 4 scrolls of brand weapon
 p - 11 scrolls of fear
 s - 3 scrolls of enchant weapon
 C - 10 scrolls of fog
 D - 9 scrolls of amnesia
 G - 3 scrolls of silence
 V - 10 scrolls of magic mapping
Potions
 e - 14 potions of might
 g - 8 potions of brilliance
 h - 9 potions of flight
 l - 8 potions of curing
 r - 11 potions of lignification
 E - 7 potions of magic
 H - 8 potions of ambrosia
 M - 4 potions of mutation
 O - 7 potions of cancellation
Miscellaneous
 i - a phantom mirror
 q - a phial of floods
 w - a lightning rod (4/4)
 y - a box of beasts
 z - a phial of floods


   Skills:
 + Level 21.4 Fighting
 - Level 21.2 Ranged Weapons
 - Level 14.5 Armour
 - Level 24.3 Dodging
 - Level 19.7 Stealth
 - Level 8.0 Shields
 - Level 8.5 Spellcasting
 - Level 3.8 Hexes
 - Level 11.4 Translocations
 - Level 16.2 Invocations
 - Level 13.6 Evocations


You had 25 spell levels left.
You knew the following spells:

 Your Spells              Type           Power      Damage    Failure   Level
a - Blink                 Tloc           100%       N/A       1%          2
b - Apportation           Tloc           100%       N/A       1%          1
c - Portal Projectile     Hex/Tloc       78%        N/A       2%          3
d - Summon Small Mammal   Summ           32%        N/A       19%         1
e - Tukima's Dance        Hex            24%        N/A       11%         3
f - Passage of Golubria   Tloc           52%        N/A       1%          4
g - Ensorcelled Hibernat  Hex/Ice        32%        N/A       13%         2

Your spell library contained the following spells:

 Spells                   Type           Power      Damage    Failure   Level
 Gell's Gravitas          Tloc           52%        N/A       1%          3
 Lesser Beckoning         Tloc           52%        N/A       1%          3
 Teleport Other           Tloc           52%        N/A       1%          3
 Slow                     Hex            96%        N/A       3%          1
 Manifold Assault         Tloc           52%        N/A       4%          5
 Confusing Touch          Hex            24%        N/A       11%         3
 Freeze                   Ice            32%        1d5       19%         1
 Magic Dart               Conj           32%        1d4       19%         1
 Necrotise                Necr           32%        1d5       19%         1
 Sandblast                Erth           16%        2d6       19%         1
 Summon Guardian Golem    Hex/Summ       16%        N/A       26%         3
 Call Imp                 Summ           8%         N/A       28%         2
 Passwall                 Tmut/Erth      6%         N/A       28%         2
 Poisonous Vapours        Pois/Air       16%        N/A       28%         2
 Static Discharge         Conj/Air       8%         3-4/arc   28%         2
 Sublimation of Blood     Necr           8%         N/A       28%         2
 Wereblood                Tmut           8%         N/A       28%         2
 Summon Forest            Summ/Tloc      15%        N/A       43%         5
 Call Canine Familiar     Summ           8%         N/A       50%         3
 Frozen Ramparts          Ice            16%        1d3       50%         3
 Ignite Poison            Fire/Tmut/Pois 12%        N/A       50%         3
 Mephitic Cloud           Conj/Pois/Air  8%         N/A       50%         3
 Ozocubu's Armour         Ice            8%         N/A       50%         3
 Stone Arrow              Conj/Erth      16%        3d8       50%         3
 Swiftness                Air            8%         N/A       50%         3
 Vampiric Draining        Necr           8%         2d6       50%         3
 Fulminant Prism          Conj/Hex       8%         3d7       63%         4
 Leda's Liquefaction      Hex/Erth       8%         N/A       63%         4
 Airstrike                Air            4%         2d(1-17)  88%         4
 Animate Armour           Summ/Erth      16%        N/A       88%         4
 Dispel Undead            Necr           8%         3d8       88%         4
 Hailstorm                Conj/Ice       8%         3d4       88%         4
 Ice Form                 Ice/Tmut       8%         N/A       88%         4
 Summon Ice Beast         Ice/Summ       8%         N/A       88%         4
 Summon Lightning Spire   Summ/Air       8%         N/A       88%         4
 Metabolic Englaciation   Hex/Ice        8%         N/A       93%         5
 Silence                  Hex/Air        8%         N/A       93%         5
 Summon Mana Viper        Hex/Summ       16%        N/A       93%         5
 Yara's Violent Unravell  Hex/Tmut       8%         3d5       93%         5
 Alistair's Intoxication  Tmut/Pois      5%         N/A       99%         5
 Blade Hands              Tmut           4%         N/A       99%         5
 Borgnjor's Vile Clutch   Necr/Erth      4%         N/A       99%         5
 Freezing Cloud           Conj/Ice/Air   4%         6-21      99%         5
 Lightning Bolt           Conj/Air       4%         1d15      99%         5
 Conjure Ball Lightning   Conj/Air       4%         3x3d6     100%        6
 Eringya's Noxious Bog    Tmut/Pois      4%         N/A       100%        6
 Simulacrum               Ice/Necr       4%         N/A       100%        6
 Summon Cactus Giant      Summ           4%         N/A       100%        6
 Enfeeble                 Hex            12%        N/A       100%        7
 Storm Form               Tmut/Air       4%         N/A       100%        7
 Summon Hydra             Summ           4%         N/A       100%        7
 Lehudib's Crystal Spear  Conj/Erth      4%         10d3      100%        8
 Maxwell's Capacitive Co  Air            4%         ∞         100%        8
 Chain Lightning          Conj/Air       4%         3d5       100%        9
 Polar Vortex             Ice            4%         N/A       100%        9


Dungeon Overview and Level Annotations

Branches:
Dungeon (15/15)            Temple (1/1) D:7            Lair (5/5) D:10
  Swamp (4/4) Lair:2       Spider (4/4) Lair:3        Slime (0/5) Lair:5
    Orc (2/2) D:12            Elf (3/3) Orc:2        Vaults (5/5) D:14
  Crypt (2/3) Vaults:2     Depths (4/4) D:15            Zot (5/5) Depths:4
Ossuary (visited)          Bailey (visited)

Altars:
Ashenzari
Cheibriados
Dithmenos
Elyvilon
Fedhas
Gozag
Hepliaklqana
Kikubaaqudgha
Makhleb
Nemelex Xobeh
Okawaru
Qazlal
Ru
Sif Muna
Trog
Uskayaw
Vehumet
Wu Jian
Xom
Yredelemnul
Zin
The Shining One
Jiyva
Lugonu

Shops:
D:13 (   Orc:2 =*?[?   Elf:1 [   Elf:2 (?*   Vaults:2 *   Vaults:3 (
Depths:1 :   Depths:4 (

Portals:
Hell: Depths:1 Depths:2 Depths:3 Depths:4
Abyss: Lair:5 Depths:3
Pandemonium: Depths:2 Depths:3
Ziggurat: Depths:1
Trove: Depths:4 (give horn of Geryon)

Annotations:
D:10 2 transporters, keekatzer's ghost, novice TrTm
D:13 3 runed translucent doors, HilariousDeathArtist's ghost, journeyman VSBe
Spider:1 2 transporters, BiteMe's ghost, journeyman DsFE; MaxHasHax6295's ghost, journeyman MiBe
Vaults:4 2 transporters
Crypt:2 Khufu
Depths:3 1 runed translucent door, Caat Rau's ghost, adept DgCj


Innate Abilities, Weirdness & Mutations

You are very small and have problems with some larger weapons.
You are too small for most types of armour.
You have supernaturally acute eyesight. (SInv)
You cover ground extremely quickly. (Speed+++)


Message History

There is an open door here.
There is a stone staircase leading up here.
You climb upwards.
There is a stone staircase leading down here.
An Orb Guardian comes into view.
There is an open door here.
Zin grants you divine stamina.
You shoot a bolt. The bolt hits the Orb Guardian.
The bolt freezes the Orb Guardian.
The Orb Guardian is lightly wounded.
You shoot a bolt. The bolt hits the Orb Guardian!!
The bolt freezes the Orb Guardian.
The Orb Guardian is moderately wounded.
You shoot a bolt. The bolt hits the Orb Guardian!!
The bolt freezes the Orb Guardian!
The Orb Guardian is almost dead.
You shoot a bolt. The bolt hits the Orb Guardian!!!
The bolt freezes the Orb Guardian.
You kill the Orb Guardian!
No target in view!
You open the door.
There is an open door here.
There is an escape hatch in the ceiling here.
A mysterious force pulls you upwards. The hatch slams shut behind you.
There is a stone staircase leading up here.
You climb upwards.
There is a stone staircase leading down here.
There is a stone staircase leading up here.
You climb upwards.
There is a stone staircase leading down here.
Things that are here:
a +0 robe; a +0 dagger
There is an escape hatch in the ceiling here.
A mysterious force pulls you upwards. The hatch slams shut behind you.
There is a large open door here.
Your divine stamina fades away.
Zin grants you divine stamina.
There is an open door here.
There is a staircase leading out of the dungeon here.
You have escaped!

###
##....####''####........#
.[# #....###....###....#...#
#.# #....##......##....).###
#.#
####....##.#....##...#.##
#.###.......#........#.....#
......##....#.#......#...###
#...........#...##...#...#
#.##........#..####..#...#
...#.###....'..'@>+..'...#
.....###....#..####..#...##
..†.#.......#...##...#....#
.#..........#......#.#....#
............#........#....#
.#...#......##....#.##....#
.##.........##......##....#
.##.........###....###...##
.##.........####++####...#


There were no monsters in sight!

Vanquished Creatures
  3 dread liches (Zot:2)
  Mara (Spider:3)
  6 ancient liches
  7 orbs of fire
  Sojobo (D:15)
  A Killer Klown (Zot:3)
  6 curse toes
  7 golden dragons
  Jory (Depths:4)
  3 bone dragons
  3 doom hounds (Zot:1)
  5 electric golems
  15 tentacled monstrosities
  A hellephant (Depths:4)
  24 Orb Guardians
  An iron giant (Zot:5)
  A lich (Depths:1)
  6 titans
  Grunn (Zot:2)
  2 deep elf master archers (Elf:3)
  2 deep elf blademasters (Elf:3)
  An Executioner (Zot:5)
  Agnes (D:15)
  12 death cobs
  3 ancient champions
  6 quicksilver dragons
  6 shadow dragons
  8 sphinxes
  4 tengu reavers
  13 storm dragons
  4 emperor scorpions
  8 draconian monks
  11 frost giants
  7 fire giants
  A fenstrider witch (Swamp:1)
  A balrug (Depths:2)
  5 draconian knights
  11 deep elf sorcerers
  Aizul (Vaults:2)
  5 ghost moths
  A juggernaut zombie (Crypt:1)
  Louise (Spider:4)
  2 draconian scorchers
  17 vault wardens
  An iron dragon (Vaults:5)
  2 deep elf elementalists (Elf:3)
  32 very ugly things
  3 draconian shifters
  4 draconian annihilators
  A quicksilver ooze (Zot:2)
  4 draconian stormcallers
  2 broodmothers (Spider:4)
  17 ironbound preservers
  4 war gargoyles
  A spriggan defender (Depths:3)
  7 reapers
  24 stone giants
  7 ironbound thunderhulks
  10 vampire knights
  An eleionoma (Swamp:3)
  11 dire elephants
  4 putrid mouths
  10 green draconians
  6 deep elf annihilators
  8 entropy weavers
  A bunyip (shapeshifter) (Vaults:3)
  5 bunyips
  9 deep elf demonologists (Elf:3)
  11 yellow draconians
  11 black draconians
  9 red draconians
  12 purple draconians
  6 white draconians
  11 spark wasps
  7 ettins
  9 deep elf death magi
  A crystal guardian (Vaults:4)
  5 deep elf high priests
  11 fire dragons
  5 great orbs of eyes
  13 yaktaur captains
  2 jiangshi (Crypt:1)
  A shambling mangrove (Swamp:4)
  30 vault guards
  7 boulder beetles
  A rakshasa (Depths:1)
  24 hydras
  2 jorogumos (Spider:4)
  3 radroaches
  An ogre mage (D:15)
  7 ice dragons
  3 peacekeepers
  3 death knights
  A spriggan air mage (Depths:3)
  15 centaur warriors
  2 ghost crabs (Swamp:4)
  2 catoblepae
  9 ironbound frosthearts
  21 dancing weapons
  A hell beast (Depths:3)
  6 deep troll shamans
  11 two-headed ogres
  8 tengu warriors
  10 hell hogs
  6 alligators
  4 orc high priests
  3 thrashing horrors (Lair:5)
  3 vampire magi
  8 deep troll earth magi
  4 spriggan berserkers (Depths:3)
  8 deep elf knights
  A soul eater (Crypt:2)
  Urug (Lair:1)
  Amaemon (D:10)
  A sixfirhy (Depths:3)
  7 goliath frogs
  2 sun demons (Depths:3)
  7 hell knights
  9 iron trolls
  4 shadow wraiths
  A titan skeleton (Crypt:2)
  An entropy weaver zombie (Crypt:2)
  4 pharaoh ants
  50 deep trolls
  3 skeletal warriors (Crypt:2)
  2 sun moths
  A shadow demon (D:10)
  A death drake (Swamp:4)
  9 steelbarb worms
  A deep troll (shapeshifter) (Vaults:5)
  3 spriggan druids
  An orb spider (shapeshifter) (Depths:3)
  7 orb spiders
  14 deep elf archers
  6 wizards
  3 bog bodies
  7 swamp dragons
  4 flayed ghosts
  A bunyip skeleton (Crypt:2)
  A harpy (shapeshifter) (D:15)
  8 phantasmal warriors
  2 jorogumo zombies (Crypt:2)
  20 deep elf zephyrmancers
  9 harpies (Vaults:2)
  12 ironbound convokers
  6 lindwurms
  3 cyclopes
  56 ugly things
  4 necromancers
  13 wolf spiders
  5 orc knights
  20 deep elf pyromancers
  6 orc sorcerers
  5 manticores
  3 will-o-the-wisps
  5 black mambas
  15 elephants
  Maurice (Orc:1)
  3 torpor snails
  29 moths of wrath
  14 vault sentinels
  4 smoke demons
  An orange demon (D:10)
  2 rust devils (D:8)
  11 cane toads
  A gargoyle (Bailey)
  3 efreet
  A cane toad (shapeshifter) (Vaults:5)
  An unseen horror (D:13)
  6 freezing wraiths
  7 demonic crawlers
  10 komodo dragons
  4 tormentors (Zot:1)
  3 rime drakes
  A swamp worm zombie (Crypt:2)
  2 ancient zymes (Lair:5)
  5 tengu conjurers
  A purple draconian skeleton (Crypt:1)
  32 yaktaurs
  5 trolls
  A wind drake (shapeshifter) (D:15)
  A meliai (shapeshifter) (D:13)
  A bloated husk (Swamp:2)
  Grinder (D:4)
  A red draconian skeleton (Crypt:1)
  5 meliai
  19 tarantellas
  Prince Ribbit (D:7)
  2 tyrant leeches (Swamp:1)
  A slime creature (shapeshifter) (D:15)
  2 polar bears (Lair:3)
  15 hornets
  31 slime creatures
  3 dream sheep (Lair:3)
  20 blink frogs
  A centaur simulacrum (D:14)
  Sigmund (D:4)
  An air elemental (Elf:3)
  29 jumping spiders
  A shadow (D:7)
  A fire dragon skeleton (Crypt:1)
  9 culicivoras
  7 wyverns
  28 spriggans
  3 water elementals
  8 wraiths
  3 vampires
  A human (shapeshifter) (D:9)
  3 ynoxinuls
  A hog (shapeshifter) (Vaults:4)
  38 yaks
  10 basilisks
  A fire elemental (Elf:3)
  2 large abominations (Lair:5)
  6 chaos spawn
  65 redbacks
  3 steam dragons
  Menkaure (D:7)
  20 swamp worms
  5 vampire mosquitoes
  2 wargs
  3 acid dragons
  8 water moccasins
  2 floating eyes (Zot:2)
  A merfolk skeleton (Crypt:1)
  7 swamp drakes
  22 orc warriors
  A black bear (D:3)
  4 sky beasts
  2 ice beasts (D:8)
  15 wolves
  10 ogres
  4 centaurs
  A blink frog skeleton (Crypt:1)
  17 bullfrogs
  4 necrophages
  4 kobold brigands
  2 gnoll sergeants
  An earth elemental (Elf:2)
  6 water moccasin zombies (Ossuary)
  5 scorpions
  10 wights
  A wyvern skeleton (Crypt:2)
  A cane toad simulacrum (Orc:2)
  17 killer bees (D:9)
  An elephant simulacrum (Orc:2)
  4 howler monkeys
  10 vampire bats (Bailey)
  4 wolf zombies (Bailey)
  13 electric eels
  4 crimson imps (D:14)
  5 lava snakes (Lair:4)
  2 hounds
  15 orc priests
  2 gnoll boudas (D:8)
  3 jellies
  9 small abominations (Lair:5)
  4 iguanas
  Terence (D:3)
  Ijyb (D:3)
  19 orc wizards
  6 hell rats
  A troll simulacrum (Orc:2)
  2 polar bear simulacra (Orc:2)
  A naga zombie (Crypt:2)
  A tengu skeleton (Crypt:1)
  3 mummies
  A howler monkey zombie (Crypt:1)
  Robin (D:3)
  5 adders
  12 gnolls
  3 naga simulacra (Orc:2)
  A shadow imp (D:6)
  A white imp (D:8)
  3 ufetubi
  8 adder zombies
  2 worms (D:2)
  2 dart slugs (D:4)
  67 orcs
  5 bats
  6 endoplasms
  3 giant cockroaches
  3 gnoll zombies (Ossuary)
  15 goblins
  11 hobgoblins
  6 jackals
  9 kobolds
  5 quokkas
  4 ball pythons
  3 frilled lizards
  4 hobgoblin zombies (Ossuary)
  A jackal skeleton (Crypt:2)
  2 kobold zombies (Ossuary)
  25 orc zombies
  A rat (shapeshifter) (Vaults:5)
  9 rats
  A spectral hobgoblin (D:6)
2041 creatures vanquished.

Vanquished Creatures (collateral kills)
  Nikola (Swamp:2)
  A golden dragon (Zot:1)
  Frances (Swamp:2)
  A fenstrider witch (Swamp:2)
  A shadow dragon (Spider:4)
  Donald (Spider:4)
  2 emperor scorpions (Spider:4)
  A draconian scorcher (Zot:1)
  A ghost moth (Spider:4)
  A broodmother (Spider:4)
  An entropy weaver (Spider:3)
  A yellow draconian (Zot:1)
  Josephine (D:13)
  3 vault guards
  A catoblepas (Lair:3)
  2 centaur warriors
  2 hydras
  An alligator (Swamp:2)
  2 deep elf knights (Elf:2)
  A pharaoh ant (Spider:3)
  A spriggan druid (Swamp:4)
  4 swamp dragons (Swamp:4)
  A swamp dragon (shapeshifter) (D:15)
  A deep elf zephyrmancer (Elf:2)
  A deep elf pyromancer (Elf:2)
  A manticore (D:15)
  A cyclops (D:12)
  2 ugly things
  3 elephants
  2 cane toads (Lair:2)
  A gargoyle (D:12)
  2 kobold demonologists (D:12)
  An efreet (D:13)
  3 demonic crawlers (Spider:4)
  A komodo dragon (D:12)
  A meliai (D:13)
  A troll (D:12)
  A polar bear (Lair:2)
  4 dream sheep (Lair:3)
  A tarantella (Spider:3)
  A wind drake (shapeshifter) (D:13)
  A blink frog (Lair:5)
  2 slime creatures (Vaults:2)
  A wyvern (Lair:3)
  A culicivora (Spider:4)
  3 wraiths
  8 yaks
  A basilisk (Lair:2)
  A redback (Spider:3)
  4 water moccasins
  3 kobold brigands (D:12)
  2 bullfrogs (Lair:1)
87 creatures vanquished.

Vanquished Creatures (others)
  A white draconian (Zot:3)
  A phantasmal warrior (Vaults:5)
  A deep elf zephyrmancer (Elf:1)
  A moth of wrath (Zot:1)
  A jumping spider (Spider:1)
  A culicivora (Spider:4)
  A redback (Spider:2)
  A vampire mosquito (Swamp:2)
  A killer bee (D:9)
  10 foxfires
  28 fungi
  57 plants
104 creatures vanquished.

Grand Total: 2232 creatures vanquished

Notes
Turn   | Place    | Note
-------+----------+-------------------------------------------
     0 | D:1      | DrIncompetent the Spriggan Hunter began the quest for the
                  | Orb.
     0 | D:1      | Reached XP level 1. HP: 10/10 MP: 2/2
    69 | D:1      | Reached XP level 2. HP: 14/14 MP: 3/3
   515 | D:2      | Reached skill level 5 in Ranged Weapons
   531 | D:2      | Reached XP level 3. HP: 18/18 MP: 4/4
   707 | D:2      | Reached XP level 4. HP: 22/22 MP: 5/5
  1760 | D:3      | Found a glowing golden altar of the Shining One.
  1760 | D:3      | Noticed Ijyb
  1825 | D:3      | Noticed Robin
  1851 | D:3      | Killed Robin
  1852 | D:3      | Reached XP level 5. HP: 25/25 MP: 6/6
  2055 | D:3      | Found an ancient bone altar of Kikubaaqudgha.
  2055 | D:3      | Found a burning altar of Makhleb.
  2055 | D:3      | Found a white marble altar of Elyvilon.
  2281 | D:3      | Identified the +6 sling of the Wizarding Gods {venom,
                  | Int+4}
  2378 | D:3      | Noticed a black bear
  2398 | D:3      | Killed a black bear
  2399 | D:3      | Reached XP level 6. HP: 30/30 MP: 7/7
  2407 | D:3      | Found a faded altar of an unknown god.
  2463 | D:3      | Noticed Terence
  2481 | D:3      | Killed Terence
  2655 | D:3      | Killed Ijyb
  2675 | D:3      | Became a worshipper of the Shining One
  2855 | D:4      | Noticed Grinder
  3037 | D:4      | Killed Grinder
  3038 | D:4      | Reached XP level 7. HP: 33/33 MP: 8/8
  3348 | D:4      | Noticed Sigmund
  3352 | D:4      | Killed Sigmund
  3353 | D:4      | Reached skill level 10 in Ranged Weapons
  3865 | D:5      | Entered Level 5 of the Dungeon
  3873 | D:5      | Reached XP level 8. HP: 37/37 MP: 9/9
  3957 | D:5      | Found a sand-covered staircase.
  3978 | Ossuary  | Entered an ossuary
  3982 | Ossuary  | Reached * piety under the Shining One
  4214 | Ossuary  | Reached ** piety under the Shining One
  4377 | Ossuary  | Reached *** piety under the Shining One
  4674 | D:5      | Reached skill level 3 in Dodging
  4725 | D:5      | Reached skill level 4 in Dodging
  4784 | D:5      | Reached skill level 5 in Dodging
  4835 | D:5      | Reached skill level 6 in Dodging
  4874 | D:5      | Reached skill level 7 in Dodging
  4894 | D:5      | Reached XP level 9. HP: 41/41 MP: 10/10
  4896 | D:5      | Reached skill level 8 in Dodging
  4979 | D:5      | Reached skill level 9 in Dodging
  5244 | D:5      | Found a sparkling altar of Nemelex Xobeh.
  5629 | D:6      | Reached skill level 10 in Dodging
  5850 | D:6      | Reached **** piety under the Shining One
  5901 | D:6      | Reached skill level 11 in Dodging
  6008 | D:6      | Identified the +9 quarterstaff "Undertaker" {spect, Dex+3}
  6035 | D:6      | Reached skill level 1 in Invocations
  6172 | D:6      | Found a hazy altar of Hepliaklqana.
  6857 | D:7      | Noticed Prince Ribbit
  6881 | D:7      | Killed Prince Ribbit
  6893 | D:7      | Noticed Menkaure
  7024 | D:7      | Killed Menkaure
  7055 | D:7      | Reached XP level 10. HP: 46/46 MP: 14/14
  7079 | D:7      | Found a flagged portal.
  7105 | Bailey   | Entered a bailey
  7292 | Bailey   | Reached ***** piety under the Shining One
  7297 | Bailey   | Reached skill level 5 in Invocations
  7340 | Bailey   | Noticed a gargoyle
  7406 | Bailey   | Killed a gargoyle
  7770 | Bailey   | Identified the +1 leather armour "Etzef" {rCorr}
  7975 | D:7      | Found a staircase to the Ecumenical Temple.
  9521 | D:7      | Upgraded the game from 0.29.0-5-ge4962eb29e to
                  | 0.29.1-1-gd02db6906a
  9815 | D:8      | Reached skill level 1 in Armour
 10053 | D:8      | Reached XP level 11. HP: 49/49 MP: 18/18
 10161 | D:8      | Found an ornate altar of the Wu Jian Council.
 10469 | D:8      | Noticed a two-headed ogre
 10486 | D:8      | Killed a two-headed ogre
 10505 | D:8      | Found a stormy altar of Qazlal.
 10690 | D:9      | Reached skill level 1 in Evocations
 10995 | D:9      | Reached skill level 12 in Dodging
 11232 | D:9      | Found a snail-covered altar of Cheibriados.
 11675 | D:9      | Noticed a two-headed ogre
 11696 | D:9      | Reached skill level 5 in Evocations
 11706 | D:9      | Killed a two-headed ogre
 11749 | D:9      | Noticed a two-headed ogre
 11766 | D:9      | Noticed a boulder beetle
 11779 | D:9      | Killed a two-headed ogre
 11812 | D:9      | Noticed a two-headed ogre
 11821 | D:9      | Killed a two-headed ogre
 11833 | D:9      | Killed a boulder beetle
 12099 | D:10     | Entered Level 10 of the Dungeon
 12117 | D:10     | Reached ****** piety under the Shining One
 12130 | D:10     | Found a bloodstained altar of Trog.
 12130 | D:10     | Found a transporter.
 12130 | D:10     | Noticed keekatzer's ghost (novice TrTm)
 12202 | D:10     | Noticed Amaemon
 12239 | D:10     | Killed Amaemon
 12309 | D:10     | Found an opulent altar of Gozag.
 12443 | D:10     | Noticed a deep troll
 12458 | D:10     | Found a transporter.
 12473 | D:10     | Reached XP level 12. HP: 58/58 MP: 19/19
 12581 | D:10     | Noticed a two-headed ogre
 12600 | D:10     | Killed a two-headed ogre
 12771 | D:10     | Found a staircase to the Lair.
 12878 | D:11     | Noticed a five-headed hydra
 12902 | D:11     | Killed a five-headed hydra
 13241 | D:11     | Identified a scroll of acquirement
 13270 | D:11     | Reached skill level 5 in Fighting
 13382 | D:11     | Noticed a two-headed ogre
 13404 | D:11     | Killed a two-headed ogre
 13405 | D:11     | Acquired a manual of Invocations
 13465 | D:11     | Noticed a two-headed ogre
 13478 | D:11     | Killed a two-headed ogre
 13870 | D:12     | Reached skill level 10 in Invocations
 14194 | D:12     | Identified the +1 ring mail of Zuzium {rF+ MP+9}
 14326 | D:12     | Found a staircase to the Orcish Mines.
 14629 | D:12     | Learned a level 2 spell: Blink
 14655 | D:12     | Noticed a centaur warrior
 14684 | D:12     | Killed a centaur warrior
 15238 | Orc:1    | Entered Level 1 of the Orcish Mines
 15402 | Orc:1    | Reached XP level 13. HP: 67/67 MP: 21/23
 15756 | Orc:1    | Identified the +1 robe of Tenacity {-Tele Harm rN++
                  | Archmagi}
 15928 | Orc:1    | Noticed Maurice
 15934 | Orc:1    | Killed Maurice
 16048 | Orc:2    | Entered Level 2 of the Orcish Mines
 16174 | Lair:1   | Entered Level 1 of the Lair of Beasts
 16949 | Lair:1   | Noticed Urug
 16977 | Lair:1   | Killed Urug
 16978 | Lair:1   | Reached skill level 1 in Spellcasting
 16978 | Lair:1   | Reached skill level 1 in Translocations
 16991 | Lair:1   | Identified the +2 leather armour "Cuackeng" {+Blink rElec
                  | rCorr Dex-3}
 17657 | Lair:1   | Noticed Sonja
 17661 | Lair:1   | Noticed Sonja
 17661 | Lair:1   | Sonja changed into Sonja the sky beast
 17664 | Lair:1   | Killed Sonja the sky beast
 18103 | Lair:2   | Reached skill level 5 in Translocations
 18155 | Lair:2   | Reached skill level 15 in Invocations
 18234 | Lair:2   | Learned a level 1 spell: Apportation
 18238 | Lair:2   | Learned a level 3 spell: Portal Projectile
 18406 | Lair:2   | Reached skill level 5 in Spellcasting
 18514 | Lair:2   | Found a staircase to the Swamp.
 19188 | Lair:3   | Reached XP level 14. HP: 72/72 MP: 26/26
 19222 | Lair:3   | Found a hole to the Spider Nest.
 20835 | Lair:5   | Entered Level 5 of the Lair of Beasts
 20985 | Lair:5   | Reached skill level 1 in Hexes
 21006 | Lair:5   | Found a viscous altar of Jiyva.
 21193 | Lair:5   | Reached skill level 13 in Dodging
 22151 | Lair:4   | Reached skill level 14 in Dodging
 22607 | Lair:5   | Found a staircase to the Slime Pits.
 22737 | Lair:5   | Reached skill level 15 in Dodging
 22848 | Lair:5   | Identified the +1 robe of Immorality {rElec Int+5 Stlth-}
 23387 | Lair:5   | Reached skill level 16 in Dodging
 23509 | Lair:5   | Identified the +10 spear "Bafoisk" {pain, rC+}
 24235 | Lair:5   | Identified the +7 spear of Gozag's Benevolence {drain, Fly}
 24444 | Lair:5   | Reached skill level 17 in Dodging
 24444 | Lair:5   | Reached XP level 15. HP: 62/75 MP: 28/28
 24510 | Lair:5   | Found a corrupted altar of Lugonu.
 24510 | Lair:5   | Found a one-way gate to the infinite horrors of the Abyss.
 24526 | Lair:5   | Upgraded the game from 0.29.1-1-gd02db6906a to
                  | 0.29.1-2-gbd0b4ee654
 24836 | D:13     | Found Ablejicu's Weapon Boutique.
 24866 | D:13     | Bought 3 datura-tipped darts for 20 gold pieces
 25053 | D:13     | Identified the +0 robe of Ajilez {Stlth+}
 25283 | D:13     | Found the ring of the Mage {Wiz Archmagi}
 25371 | D:13     | Noticed Josephine
 25377 | D:13     | Killed Josephine
 25485 | D:13     | Reached skill level 18 in Dodging
 25523 | D:13     | Found a runed translucent gate.
 25523 | D:13     | Found a runed translucent gate.
 25523 | D:13     | Found a runed translucent gate.
 25526 | D:13     | Noticed HilariousDeathArtist's ghost (journeyman VSBe)
 25677 | D:13     | Learned a level 1 spell: Summon Small Mammal
 25681 | D:13     | Learned a level 3 spell: Tukima's Dance
 25687 | D:13     | Learned a level 5 spell: Manifold Assault
 25690 | D:13     | Learned a level 2 spell: Ensorcelled Hibernation
 25940 | D:13     | Acquired a +2 arbalest of flaming
 26178 | D:14     | Found a gate to the Vaults.
 26612 | D:14     | Found a shimmering altar of Xom.
 26829 | D:15     | Entered Level 15 of the Dungeon
 26943 | D:15     | Noticed Agnes
 26950 | D:15     | Killed Agnes
 27769 | D:15     | Reached skill level 15 in Ranged Weapons
 28006 | D:15     | Found a staircase to the Depths.
 28400 | Swamp:1  | Entered Level 1 of the Swamp
 28588 | Swamp:1  | Noticed a fenstrider witch
 28593 | Swamp:1  | Killed a fenstrider witch
 28594 | Swamp:1  | Reached XP level 16. HP: 80/80 MP: 24/29
 29049 | Swamp:2  | Acquired a +4 vorpal hand crossbow
 29506 | Swamp:2  | Noticed Frances
 29514 | Swamp:2  | Killed Frances
 29515 | Swamp:2  | Reached skill level 1 in Shields
 29678 | Swamp:2  | Noticed Nikola
 30001 | Swamp:2  | Killed Nikola
 30421 | Swamp:3  | Found a shimmering altar of Xom.
 31071 | Swamp:4  | Entered Level 4 of the Swamp
 31126 | Swamp:4  | Reached skill level 5 in Shields
 33050 | Swamp:4  | Reached skill level 10 in Evocations
 33316 | Swamp:4  | Got a decaying rune of Zot
 33720 | Orc:2    | Found a staircase to the Elven Halls.
 34132 | Orc:2    | Reached XP level 17. HP: 84/84 MP: 30/30
 34187 | Orc:2    | Found Tomavalual's General Store.
 34187 | Orc:2    | Found Tug Dum's Magic Scroll Emporium.
 34189 | Orc:2    | Found Eripomiu's Antique Armour Boutique.
 34189 | Orc:2    | Found Cireud's Magic Scroll Emporium.
 34195 | Orc:2    | Bought a potion of curing for 45 gold pieces
 34199 | Orc:2    | Bought a scroll of enchant armour for 97 gold pieces
 34199 | Orc:2    | Bought a scroll of teleportation for 39 gold pieces
 34199 | Orc:2    | Bought a scroll of fog for 52 gold pieces
 34201 | Orc:2    | Bought a scroll of teleportation for 42 gold pieces
 34201 | Orc:2    | Bought a scroll of fear for 56 gold pieces
 34287 | Orc:2    | Found Niag's Jewellery Shop.
 35071 | Spider:1 | Entered Level 1 of the Spider Nest
 35072 | Spider:1 | Found a transporter.
 35128 | Spider:1 | Noticed BiteMe's ghost (journeyman DsFE)
 35519 | Spider:1 | Noticed MaxHasHax6295's ghost (journeyman MiBe)
 35530 | Spider:1 | Found a transporter.
 35990 | Spider:1 | Gained mutation: You are frail. (-10% HP) [mutagenic glow]
 36281 | Spider:1 | Identified the +5 flail "Fadeudol" {freeze, Fly Str-2
                  | Int+5}
 36584 | Spider:1 | Lost mutation: You are frail. (-10% HP) [potion of
                  | mutation]
 36584 | Spider:1 | Gained mutation: You do not regenerate when monsters are
                  | visible. [potion of mutation]
 37626 | Spider:2 | Identified the ring "Bucianohe" {Fly Str-4 Int+4 SInv}
 38658 | Spider:3 | Reached skill level 10 in Fighting
 38759 | Spider:3 | Noticed Mara
 38766 | Spider:3 | Killed Mara
 39788 | Spider:4 | Entered Level 4 of the Spider Nest
 39814 | Spider:4 | Noticed Louise
 39844 | Spider:4 | Killed Louise
 40023 | Spider:3 | Reached XP level 18. HP: 85/96 MP: 31/31
 40746 | Spider:4 | Noticed Donald
 40746 | Spider:4 | Noticed Arachne
 40749 | Spider:4 | Noticed Arachne
 40749 | Spider:4 | Arachne changed into Arachne the shadow dragon
 40756 | Spider:4 | Killed Arachne the shadow dragon
 40761 | Spider:4 | Killed Donald
 41310 | Spider:4 | Got a gossamer rune of Zot
 41356 | Spider:4 | Identified the +1 pair of gloves of Going Fast {-Cast
                  | +Blink rN+ rCorr}
 41799 | Vaults:1 | Entered Level 1 of the Vaults
 44510 | Elf:1    | Entered Level 1 of the Elven Halls
 44586 | Elf:1    | Got the Guidebook on Frozen Gloom
 44732 | Elf:1    | Reached skill level 5 in Armour
 44732 | Elf:1    | Reached XP level 19. HP: 105/105 MP: 32/32
 44944 | Elf:1    | Found Ereceq's Antique Armour Shoppe.
 45964 | D:5      | Acquired 583 gold pieces
 46270 | Elf:2    | Found Ylutump's Assorted Antiques.
 46274 | Elf:2    | Bought a scroll of teleportation for 102 gold pieces
 46301 | Elf:2    | Found a runed translucent gate.
 46301 | Elf:2    | Found a runed translucent gate.
 46312 | Elf:2    | Found a runed translucent gate.
 46448 | Elf:2    | Found Lialor's Weapon Shop.
 47096 | Elf:2    | Found Mooded's Magic Scroll Emporium.
 47104 | Elf:2    | Bought a scroll of summoning for 123 gold pieces
 47104 | Elf:2    | Bought a scroll of fog for 52 gold pieces
 47104 | Elf:2    | Bought a scroll of teleportation for 39 gold pieces
 47470 | Elf:2    | Upgraded the game from 0.29.1-2-gbd0b4ee654 to
                  | 0.29.1-12-g30fa7ad0bf
 47540 | Elf:3    | Entered Level 3 of the Elven Halls
 47575 | Elf:3    | Paralysed by an air elemental for 1 turns
 48871 | Elf:3    | Identified the +1 robe of the Exceptional God {Str+8 Int-3}
 49087 | Elf:3    | Reached skill level 10 in Armour
 49288 | Elf:3    | Identified the ring of Incredulity {rElec MP+9 Str-2 Dex+4
                  | SInv}
 49294 | Elf:3    | Noticed a Brimstone Fiend
 49688 | Elf:3    | Got the Incunabulum of Lightning
 49727 | Elf:3    | Got the Guidebook on Accomplices and the Wind
 49788 | Elf:3    | Identified the +0 ring mail of Zuminnogi {+Blink rC- rCorr
                  | SInv}
 50506 | Vaults:2 | Noticed Aizul
 50516 | Vaults:2 | Killed Aizul
 50683 | Vaults:2 | Found Cuipaomye's General Store.
 50704 | Vaults:2 | Bought a wand of flame (9) for 119 gold pieces
 50704 | Vaults:2 | Bought a +2 buckler of cold resistance for 408 gold pieces
 50768 | Vaults:2 | Reached skill level 19 in Dodging
 50774 | Vaults:2 | Reached XP level 20. HP: 110/110 MP: 33/33
 50928 | Vaults:2 | Reached skill level 20 in Dodging
 51899 | Vaults:2 | Reached skill level 21 in Dodging
 52377 | Vaults:2 | Found a staircase to the Crypt.
 53055 | Vaults:3 | Reached skill level 22 in Dodging
 53777 | Vaults:3 | Found Ciavoatz's Weapon Shop.
 54189 | Vaults:3 | Reached skill level 23 in Dodging
 54781 | Vaults:3 | Reached skill level 5 in Stealth
 55434 | Vaults:4 | Reached skill level 10 in Stealth
 55520 | Vaults:4 | Acquired the ring "Vopheuwk" {rElec AC+4 Dex+3}
 55650 | Vaults:4 | Reached XP level 21. HP: 114/114 MP: 34/34
 56558 | Vaults:4 | Found a transporter.
 56641 | Vaults:4 | Found a transporter.
 56908 | Vaults:5 | Entered Level 5 of the Vaults
 56908 | Vaults:5 | Noticed an ancient lich
 56918 | Vaults:5 | Killed an ancient lich
 56945 | Vaults:4 | Reached skill level 15 in Stealth
 59611 | Vaults:5 | Noticed an ancient lich
 59682 | Vaults:5 | Killed an ancient lich
 60168 | Vaults:5 | Noticed a golden dragon
 60179 | Vaults:5 | Killed a golden dragon
 60267 | Vaults:5 | Identified the +1 glaive "Pegh" {pain, *Slow rElec Int+3}
 60349 | Vaults:5 | Reached XP level 22. HP: 119/119 MP: 35/35
 60391 | Vaults:5 | Identified the ring "Yqytehum" {rN+ Dex+4}
 60496 | Vaults:5 | Identified the +6 short sword of Sunlight {freeze, rElec
                  | Int+5}
 60723 | Vaults:5 | Identified the +1 pair of gloves "Otuxoggu" {rPois rCorr}
 60741 | Vaults:5 | Identified the +1 plate armour of the Gusle {+Inv}
 60750 | Vaults:5 | Got a silver rune of Zot
 60817 | Vaults:5 | Identified the +2 sling of Thoughtfulness {speed, rPois
                  | rCorr}
 60953 | Vaults:5 | Noticed an ancient lich
 60960 | Vaults:5 | Killed an ancient lich
 61096 | Vaults:5 | Identified the -1 buckler of the Barber Surgeon {+Inv rC+
                  | Int+3}
 61113 | Vaults:5 | Identified the amulet "Boopnut" {Faith rPois rN+ Str+4
                  | Int-5}
 61141 | Vaults:5 | Identified the +1 chain mail of Anarchy {Str+4 Slay+2}
 61362 | Depths:1 | Entered Level 1 of the Depths
 61624 | Depths:1 | Noticed Sojobo
 61948 | D:15     | Killed Sojobo
 62356 | Depths:1 | Found a one-way gateway to a ziggurat.
 62533 | Depths:1 | Found Kemn's Book Shoppe.
 62626 | Depths:1 | Found a gateway to Hell.
 62719 | Depths:1 | Acquired 976 gold pieces
 62720 | Depths:1 | Acquired 792 gold pieces
 62721 | Depths:1 | Acquired 1194 gold pieces
 63716 | Depths:2 | Found a one-way gate leading to the halls of Pandemonium.
 65232 | Depths:3 | Found a runed translucent door.
 65237 | Depths:3 | Noticed Caat Rau's ghost (adept DgCj)
 65815 | Depths:3 | Reached XP level 23. HP: 101/123 MP: 36/36
 66613 | Depths:4 | Entered Level 4 of the Depths
 66963 | Depths:4 | Found Joemmixe's Antique Weapon Boutique.
 66964 | Depths:4 | Noticed Jory
 66974 | Depths:4 | Killed Jory
 69345 | Depths:4 | Found a gate to the Realm of Zot.
 69529 | Depths:4 | Found a portal to a secret trove of treasure.
 69974 | Depths:4 | Upgraded the game from 0.29.1-12-g30fa7ad0bf to
                  | 0.29.1-13-g9f3cf754e1
 70006 | Zot:1    | Entered Level 1 of the Realm of Zot
 70637 | Zot:1    | Got the Compilation of Spellbinding and the Welkin
 70691 | Depths:4 | HP: 6/123 [poisoned by something (poison gas)]
 70696 | Depths:4 | HP: 3/123 [poisoned by something (poison gas)]
 71103 | Depths:4 | Learned a level 4 spell: Passage of Golubria
 71805 | Zot:1    | Reached skill level 10 in Translocations
 72496 | Zot:1    | Noticed a curse toe
 72507 | Zot:1    | Killed a curse toe
 72584 | Zot:1    | Reached skill level 24 in Dodging
 73909 | Zot:2    | Reached XP level 24. HP: 82/129 MP: 36/36
 74116 | Zot:2    | Noticed Grunn
 75123 | Zot:2    | Reached skill level 15 in Fighting
 75689 | Zot:2    | Killed Grunn
 76862 | Zot:2    | Identified the +7 flail of the Sheltering Vulture {vorpal,
                  | Int+7}
 77245 | Zot:2    | Noticed a dread lich
 77258 | Zot:2    | Killed a dread lich
 77514 | Zot:2    | Noticed a dread lich
 77527 | Zot:2    | Killed a dread lich
 77548 | Zot:2    | Noticed an orb of fire
 77608 | Zot:2    | Gained mutation: You are clumsy. (Dex -2) [an orb of fire]
 79064 | Zot:2    | Noticed a dread lich
 79069 | Zot:2    | Gained mutation: You are frail. (-10% HP) [an orb of fire]
 79073 | Zot:2    | Gained mutation: Armour fits poorly on your strangely
                  | shaped body. [an orb of fire]
 79081 | Zot:2    | HP: 2/121 [orb of fire/bolt of fire (48)]
 79245 | Zot:2    | Lost mutation: You are frail. (-10% HP) [potion of
                  | mutation]
 79245 | Zot:2    | Lost mutation: You are clumsy. (Dex -2) [potion of
                  | mutation]
 79245 | Zot:2    | Lost mutation: You do not regenerate when monsters are
                  | visible. [potion of mutation]
 79245 | Zot:2    | Gained mutation: You have a somewhat thin skeletal
                  | structure. (Dex +2, Stealth+) [potion of mutation]
 79245 | Zot:2    | Gained mutation: Potions are less effective at restoring
                  | your health. [potion of mutation]
 79245 | Zot:2    | Gained mutation: Your muscles are strong. (Str +4, Int/Dex
                  | -1) [potion of mutation]
 79905 | Temple   | Entered the Ecumenical Temple
 79955 | Temple   | Fell from the grace of the Shining One
 79955 | Temple   | Became a worshipper of Zin the Law-Giver
 79955 | Temple   | Reached * piety under Zin
 79955 | Temple   | Reached ** piety under Zin
 79955 | Temple   | Reached *** piety under Zin
 79955 | Temple   | Reached **** piety under Zin
 80231 | Crypt:1  | Entered Level 1 of the Crypt
 80260 | Crypt:1  | Donated 4363 gold pieces to Zin
 80296 | Crypt:1  | Reached ***** piety under Zin
 80559 | Crypt:1  | Identified the ring "Onir" {MP+9 AC+4 Str+4 Dex+4}
 80566 | Crypt:1  | Reached ****** piety under Zin
 81546 | Crypt:2  | Noticed Khufu
 81549 | Crypt:2  | Noticed a royal mummy
 82753 | Zot:2    | Killed a dread lich
 82795 | Zot:2    | Killed an orb of fire
 83027 | Zot:2    | Lost mutation: Potions are less effective at restoring your
                  | health. [potion of mutation]
 83027 | Zot:2    | Lost mutation: You have a somewhat thin skeletal structure.
                  | (Dex +2, Stealth+) [potion of mutation]
 83028 | Zot:2    | Lost mutation: Armour fits poorly on your strangely shaped
                  | body. [potion of mutation]
 83028 | Zot:2    | Lost mutation: Your muscles are strong. (Str +4, Int/Dex
                  | -1) [potion of mutation]
 84606 | Zot:4    | Noticed a Killer Klown
 84618 | Zot:3    | Killed a Killer Klown
 85006 | Zot:4    | Reached XP level 25. HP: 140/142 MP: 36/36
 85091 | Zot:4    | Identified the +5 battleaxe "Iwiastrel" {freeze, rN++}
 85965 | Zot:5    | Entered Level 5 of the Realm of Zot
 86769 | Zot:5    | Noticed an orb of fire
 86823 | Zot:5    | Noticed an ancient lich
 87201 | Zot:5    | Killed an orb of fire
 87239 | Zot:5    | Noticed an orb of fire
 87257 | Zot:5    | Noticed a Killer Klown
 87259 | Zot:5    | Killed an orb of fire
 87266 | Zot:5    | a Killer Klown changed into an iron giant
 87809 | Zot:5    | Noticed an orb of fire
 87872 | Zot:5    | Killed an orb of fire
 88003 | Zot:5    | Noticed an orb of fire
 88016 | Zot:5    | Killed an orb of fire
 88372 | Zot:5    | Noticed an ancient lich
 88381 | Zot:5    | Killed an ancient lich
 88426 | Zot:5    | Killed an ancient lich
 88860 | Zot:5    | Noticed an ancient lich
 89069 | Zot:5    | Killed an ancient lich
 89107 | Zot:5    | Noticed an orb of fire
 89159 | Zot:5    | Killed an orb of fire
 89429 | Zot:5    | Noticed an orb of fire
 89437 | Zot:5    | Killed an orb of fire
 89549 | Zot:5    | Got the Orb of Zot
 89637 | Zot:5    | Noticed Eclapen the pandemonium lord
 89958 | D:15     | Noticed Xuylen the pandemonium lord
 90344 | D:$      | Escaped with the Orb!

Illustrated notes

Levels and vault maps discovered:
D:1:      dpeg_arrival_refuge, layout_rooms
D:2:      layout_basic, minmay_between
D:3:      layout_basic, tso_metal_star, gammafunk_temple_overflow_claw,
          dilly_ecumenical_altar_fadedgnrine, uniq_robin, uniq_terence,
          uniq_ijyb
D:4:      layout_basic, minmay_misc_feat_doors, minmay_misc_feat_more_columns,
          kennysheep_generic_room_10, uniq_grinder, uniq_sigmund
D:5:      minmay_inner_zag, layout_loops_corners, kennysheep_little_box,
          nicolae_ossuary_entry_ruins, due_unseen_surprise
D:6:      layout_gridville, nicolae_hepliaklqana_monster_ancestors,
          serial_bayou, serial_bayou_pond_c, serial_bayou_pond_e,
          serial_bayou_shore_a, serial_bayou_shore_b
D:7:      kennysheep_windowed_halls, layout_loops_ring,
          minmay_temple_entry_waves, enter_bailey_5, uniq_menkaure,
          uniq_prince_ribbit1
D:8:      cheibrodos_iron_armory, layout_loops_cross,
          nicolae_wu_jian_wuxing_cycle, marbit_many_paths, st_stairs_2,
          minivault_24, hangedman_minor_gate_pass
D:9:      layout_roguey, mainiacjoe_overflow_surrounded_room,
          minmay_misc_feat_columns, kennysheep_decorative_pillar,
          evilmike_minifort
D:10:     layout_loops_cross, kennysheep_mini_moat,
          grunt_lair_entry_orc_guard_hut, gammafunk_ghost_wrathful_warriors,
          uniq_amaemon
D:11:     layout_stronghold
D:12:     layout_loops_ring, david_orc_1_choice
D:13:     layout_loops_ring, gammafunk_ghost_nasty_kobolds, serial_shops,
          nicolae_shop_waterfront, uniq_josephine
D:14:     layout_basic, erik_vaults_1, serial_park_gazebo
          [serial_park_minivault_5x5_4], led_xom_imps
D:15:     hangedman_depths_entry_try_elsewhere_first, layout_loops_ring,
          grunt_ministairs_9, uniq_agnes
Temple:   minmay_temple_bridge_abc
Lair:1:   layout_cave_pods, wad_woods_river_01, uniq_sonja, uniq_urug
Lair:2:   layout_big_grid, minmay_swamp_entry_eels, serial_bayou_shore_b,
          grunt_megastairs_4, lemuel_fruit_tree
Lair:3:   layout_regular_city, spider_nest_entry_web_field
Lair:4:   layout_regular_city, nicolae_lair_liquid_snakes, serial_bayou_shore_b,
          serial_bayou_shore_b, infiniplex_staircase_pool
Lair:5:   hellmonk_lair_end_abyssal_woods, layout_loops_ring,
          minmay_slime_entry_pillars, grunt_megastairs_5, lemuel_fruit_fields
Swamp:1:  layout_basic_swamp, serial_swamp_ruin, evilmike_swamp_ruin_house_1,
          evilmike_swamp_ruin_house_2
Swamp:2:  layout_basic_swamp, evilmike_swamp_ruin_wall, uniq_frances,
          uniq_nikola
Swamp:3:  layout_basic_swamp, basic_altar, swamp_pool1
Swamp:4:  swamp, layout_basic_swamp, swamp_pool1, nicolae_swamp_baby_hydras
Spider:1: layout_spider_delve, nzn_ghost_randoct
Spider:2: layout_cave_pods
Spider:3: layout_chambers, nicolae_spider_cling_halls, uniq_mara
Spider:4: guppyfry_spider_rune, uniq_arachne, uniq_louise, uniq_donald
Orc:1:    nicolae_orc_accident_2, layout_diamond_mine, basic_altar,
          elves_outpost_lemuel, uniq_maurice
Orc:2:    grunt_orc_tribal_feast, layout_diamond_mine,
          portal_ice_cave_entry_ice_simulacra, serial_shops, nicolae_shop_trees
Elf:1:    nicolae_elf_arrival_no_cutting_in_line, layout_gridlike, serial_shops,
          shop_statue, kennysheep_underground_church, st_stairs_9
Elf:2:    elven_hall_of_blades_hangedman_original
          [nicolae_blade_entry_pointy_end], layout_geoelf_diagonals,
          serial_shops, nicolae_shop_crystal, nicolae_shop_hallway_plus,
          nicolae_stop_n_shop_2
Elf:3:    grunt_elf_hall_spiral, layout_loops_corners
Vaults:1: v_pattern_3, st_lines, nicolae_vaults_gold_heap,
          ontoclasm_vaults_decontamination, nicolae_vaults_circle_grid_a,
          v_misc_1, v_misc_4, vaults_room_stairs_pillars, layout_vaults_omnigrid
Vaults:2: vaults_room_octagon, blue_anna_dwarven_crypt,
          hangedman_vaults_variations, vaults_mumra_hex,
          nicolae_vaults_rhombus_5, nicolae_vaults_disjoint_gnomons,
          nicolae_vaults_stairing_the_circle, vaults_mumra_minichess_inversion,
          hangedman_vaults_corner_blocks, nicolae_vaults_little_squares_5,
          layout_vaults_omnicross, serial_shops, nicolae_shop_waterfront,
          uniq_aizul
Vaults:3: vaults_room_fancy_cross, ontoclasm_vaults_shuriken,
          nicolae_vaults_rhombus_6, grunt_vaults_hallway_short,
          ontoclasm_vaults_tryst, v_misc_16, grunt_vaults_trifunnel,
          dpeg_vaults_monster_box, nicolae_vaults_network_square,
          vaults_dpeg_doors, v_misc_19, ontoclasm_vaults_gallery,
          nicolae_vaults_little_squares_1, vaults_room_door_ring,
          layout_vaults_ring
Vaults:4: ontoclasm_vaults_misaligned, ontoclasm_vaults_idyll,
          hangedman_vaults_nails, gammafunk_dig_for_victory,
          vaults_room_ringed_pool, v_misc_28, v_misc_16,
          ontoclasm_vaults_misaligned, nicolae_vaults_network_periphery,
          grunt_vaults_hallway_short, layout_vaults_omnibox
Vaults:5: serial_shops
Crypt:1:  layout_misc_corridors, grunt_crypt_arrival_split,
          roderic_lattice_octagonal_star
Crypt:2:  layout_misc_corridors, uniq_khufu
Depths:1: layout_gridville, enter_ziggurat_c, serial_shops, shop, hell_entry,
          wad_floor_pattern_2, kennysheep_four_rooms, uniq_sojobo
Depths:2: nicolae_cairo_tiling_large, layout_honeycomb, rand_demon_pan_entry_7,
          nrook_uturn, hell_entry, minmay_variable_closet
Depths:3: minmay_spriggan_fort, layout_basic, rand_demon_pan_entry_8,
          ebering_ghost_reflecting_pool, hell_entry,
          hangedman_decor_diamond_cutter, abyss_entry_small_statue_room,
          infiniplex_staircase_split_hallway, serial_bayou_shore_b
Depths:4: grunt_zot_entry_funnels, layout_gridville,
          nicolae_trove_entry_crystal, grunt_hell_horde, serial_shops, shop,
          nicolae_sextant, st_stairs_5, patterned_corridor, uniq_jory
Zot:1:    kennysheep_oblong_rooms, layout_misc_corridors, grunt_megastairs_1
Zot:2:    hellmonk_paralyzer, layout_gridville, grunt_megastairs_3, uniq_grunn
Zot:3:    layout_basic
Zot:4:    kennysheep_room_grid, layout_gridville
Zot:5:    layout_gridlike

Skill      XL: |  1  2  3  4  5  6  7  8  9 10 11 12 13 14 15 16 17 18 19 20 21 22 23 24 25 |
---------------+----------------------------------------------------------------------------+-----
Ranged Weapons | 5 6 7 8 10 11 12 16 18 19 21 | 21.2
Dodging        | 7 11 12 17 18 19 23 24 | 24.3
Invocations    | 4 9 12 15 16 | 16.2
Armour         | 3 4 5 10 12 14 | 14.5
Evocations     | 8 9 11 13 | 13.6
Fighting       | 4 7 11 13 14 18 21 | 21.4
Spellcasting   | 6 8 |  8.5
Translocations | 7 8 11 | 11.4
Hexes          | 3 |  3.8
Shields        | 8 |  8.0
Stealth        | 10 19 | 19.7

Action                   |  1- 3 |  4- 6 |  7- 9 | 10-12 | 13-15 | 16-18 | 19-21 | 22-24 | 25-27 || total
-------------------------+-------+-------+-------+-------+-------+-------+-------+-------+-------++-------
 Fire: Shortbow          |    82 |    84 |       |       |       |       |       |       |       ||   166
       Sling             |       |    46 |   318 |   732 |   967 |       |       |       |       ||  2063
       Arbalest          |       |       |       |       |   215 |    19 |       |       |       ||   234
       Hand crossbow     |       |       |       |       |       |  1226 |  1313 |  1884 |   542 ||  4965
 Cast: Blink             |       |       |       |       |     2 |       |     2 |       |       ||     4
       Portal Projectile |       |       |       |       |     1 |     6 |    14 |    35 |     4 ||    60
       Ensorcelled Hiber |       |       |       |       |     1 |       |       |       |       ||     1
Invok: Divine Shield     |       |       |     2 |    12 |     8 |    34 |    32 |    21 |       ||   109
       Summon Divine War |       |       |       |     2 |     8 |     8 |     5 |     2 |       ||    25
       Cleansing Flame   |       |       |       |       |    12 |     3 |       |    17 |       ||    32
       Recite            |       |       |       |       |       |       |       |     9 |     7 ||    16
       Vitalisation      |       |       |       |       |       |       |       |     7 |    31 ||    38
       Donate Gold       |       |       |       |       |       |       |       |     1 |       ||     1
       Imprison          |       |       |       |       |       |       |       |       |     2 ||     2
Evoke: Wand              |       |       |       |     7 |    17 |     7 |     1 |     9 |     3 ||    44
       Condenser vane    |       |       |       |       |       |     3 |       |       |       ||     3
  Use: Scroll            |     5 |     9 |     8 |    13 |     7 |     5 |    11 |    20 |     6 ||    84
       Potion            |       |       |       |     5 |     2 |     7 |     5 |    27 |    13 ||    59
Armor: Robe              |       |     4 |     3 |     7 |       |       |       |       |       ||    14
       Acid dragon scale |       |       |       |     8 |    48 |    54 |    25 |    98 |    32 ||   265
Dodge: Dodged            |     9 |    29 |    52 |   164 |   402 |   519 |   500 |   937 |   375 ||  2987
Block: Other             |       |       |     2 |    12 |   101 |       |       |       |       ||   115
       Reflection        |       |       |       |     1 |     1 |    30 |   118 |    17 |     3 ||   170
       Buckler           |       |       |       |       |       |   610 |   709 |   778 |   256 ||  2353
